Cogmind - Beta 13 @@@ ROGUE MODE // 2024.04.08 @ 18:12:04 Player: tartine Result: Self-destructed Performance ------------- Evolutions (5) 2500 Regions Visited (4) 800 Robots Destroyed (9) 45 Value Destroyed (302) 302 Prototype IDs (16) 320 Alien Tech Used (0) 0 Bonus (0) 0 TOTAL SCORE: 3967 Bonus ------- None Cogmind --------- Core Integrity 888/1000 Matter 193/300 Energy 30/100 System Corruption 2% Temperature Warm (112) Movement Flying (40) Location -5/Factory Parts ------- > --- POWER (2) -------- (None) > --- PROPULSION (5) --- Nuclear Pulse Array > --- UTILITY (6) ------ Scrap Engine Advanced Targeting Computer Advanced Targeting Computer > --- WEAPON (4) ------- Long-range Proton Cannon Chainsword > --- INVENTORY (5) ---- Compact Matter Pod (0) Improved Kinecellerator Arc Projector Force Rifle Grenade Launcher Peak State ------------ > --- POWER ------------ Neutrino Core > --- PROPULSION ------- Flight Unit Nuclear Pulse Array Nuclear Pulse Array > --- UTILITY ---------- Scrap Engine Advanced Targeting Computer Advanced Targeting Computer Reaction Control System System Shield > --- WEAPON ----------- Medium Laser Long-range Proton Cannon Chainsword > --- INVENTORY -------- Compact Matter Pod Improved Kinecellerator Arc Projector Force Rifle Grenade Launcher [Rating: 72] Favorites ----------- Power Light Ion Engine Engine Light Ion Engine Power Core Neutrino Core Propulsion Hover Unit Wheel Compact Wheel Hover Unit Hover Unit Flight Unit Nuclear Pulse Array Utility Improved Heat Sink Device Improved Heat Sink Processor Advanced Targeting Computer Hackware System Shield Weapon Medium Laser Energy Gun Medium Laser Energy Cannon Long-range Proton Cannon Ballistic Gun Assault Rifle Special Weapon Mining Laser Slashing Weapon Chainsword Build | -11 -10 -10 -7 -5 ------- Run | Yrd Mat Sub Rec Fac Slots Evolved 10 | . . . . 10 Power 1 | . . . . 1 Propulsion 3 | . . . . 3 Utility 4 | . . . . 4 Weapon 2 | . . . . 2 Parts Attached 39 | 5 17 2 2 13 Power 4 | . 2 1 . 1 Engine 3 | . 2 1 . . Core 1 | . . . . 1 Reactor . | . . . . . Propulsion 13 | 3 7 . 1 2 Treads . | . . . . . Leg . | . . . . . Wheel 5 | 3 2 . . . Hover 4 | . 4 . . . Flight 4 | . 1 . 1 2 Utility 10 | . 3 . 1 6 Device 7 | . 3 . 1 3 Storage . | . . . . . Processor 2 | . . . . 2 Hackware 1 | . . . . 1 Protection . | . . . . . Artifact . | . . . . . Weapon 12 | 2 5 1 . 4 Energy Gun 5 | . 3 . . 2 Energy Cannon 1 | . . . . 1 Ballistic Gun 3 | 2 1 . . . Ballistic Cannon . | . . . . . Launcher . | . . . . . Special Weapon 2 | . 1 1 . . Impact Weapon . | . . . . . Slashing Weapon 1 | . . . . 1 Piercing Weapon . | . . . . . Special Melee Weapon . | . . . . . Unidentified Prototypes 2 | . . . . 2 Parts Lost 15 | . 1 3 4 7 Power 3 | . . 1 1 1 Propulsion 5 | . 1 1 1 2 Utility 4 | . . 1 . 3 Weapon 3 | . . . 2 1 Highest Loss Streak 7 | . 1 3 3 7 To Critical Strikes . | . . . . . Average Slot Usage (%) 78 | . 89 98 60 50 Engine 9 | . 12 14 9 . Wheel 10 | . 21 . . . Hover 8 | . 5 28 9 . Flight 4 | . . . 4 15 Device 19 | . 22 26 13 10 Processor 1 | . . . . 6 Energy Gun 12 | . 12 18 12 4 Ballistic Gun 5 | . 11 . . . Special Weapon 3 | . 1 9 9 . Naked Turns . | . . . . . Heaviest Build 30 | 3 10 9 7 30 Greatest Support 32 | 32 32 12 6 30 Greatest Overweight (x) 2 | . 2 1 1 2 Average Overweight (x) . | . . . . . Largest Inventory Capacity 5 | 5 5 5 5 5 Average Capacity 5 | 5 5 5 5 5 Most Carried 5 | 3 5 4 5 5 Average Carried 3 | 1 4 3 2 3 Final Capacity 5 | 5 5 5 5 5 Final Carried 5 | 3 4 3 3 5 Scrap Engine Consumption 2 | . . . . 2 Class Distribution -------------------- 100% | Mutant Dominant Class ---------------- Mutant | -10/Materials Mutant | -10/Subcaves Mutant | -7/Recycling Mutant | -5/Factory Resources | -11 -10 -10 -7 -5 ----------- Run | Yrd Mat Sub Rec Fac Matter Collected 486 | 254 197 35 . . Remotely . | . . . . . Salvage Created 387 | 91 243 53 . . Parts 23 | 3 17 3 . . Haulers Intercepted . | . . . . . Recyclers Shooed . | . . . . . Parts Field Recycled . | . . . . . Retrieved Matter . | . . . . . Parts Self-Destructed 16 | . . 16 . . Prevented . | . . . . . Kills | -11 -10 -10 -7 -5 ------- Run | Yrd Mat Sub Rec Fac Combat Hostiles Destroyed 7 | . 6 1 . . Guns 7 | . 6 1 . . Classes Destroyed 4 | 1 2 1 . . Recycler 1 | 1 . . . . Watcher 1 | . 1 . . . Grunt 6 | . 6 . . . Subdweller 1 | . . 1 . . Best Kill Streak 4 | 1 4 1 . . Combat Bots Only 3 | . 3 1 . . Max Kills in Single Turn 1 | 1 1 1 . . Gunslinging . | . . . . . Exploded . | . . . . . Melee . | . . . . . Uniques/NPCs Destroyed . | . . . . . Combat | -11 -10 -10 -7 -5 -------- Run | Yrd Mat Sub Rec Fac Hostile Shots Fired 160 | . 33 37 31 59 Missed 68 | . 12 15 18 23 Damage Taken 1438 | . 264 240 192 742 Core 349 | . 59 106 72 112 Absorbed by Shields . | . . . . . Core Remaining (%) 52 | 100 . . 5 . Volleys Fired 50 | 1 30 9 . 10 Largest 2 | 2 2 2 . 2 Hottest 150 | 40 100 150 . 131 Shots Fired 89 | 2 52 18 . 17 Gun 77 | 2 49 16 . 10 Cannon 7 | . . . . 7 Launcher . | . . . . . Special 5 | . 3 2 . . Kinetic 25 | 2 23 . . . Thermal 57 | . 29 18 . 10 Explosive . | . . . . . Electromagnetic 7 | . . . . 7 Robot Hit Streak 16 | 2 13 15 . 16 Robot Miss Streak 3 | . 3 . . 3 Penetration Max . | . . . . . Secondary Targets . | . . . . . Shots Hit Robots 51 | 2 33 6 . 10 Core Hits 21 | 2 14 2 . 3 Critical Kills . | . . . . . Critical Parts Destroyed . | . . . . . Critical Strikes 3 | . 2 . . 1 Burn 3 | . 2 . . 1 Melee Attacks . | . . . . . Impact . | . . . . . Slashing . | . . . . . Piercing . | . . . . . Sneak Attacks . | . . . . . Combat Hostiles . | . . . . . Follow-up Attacks . | . . . . . Damage Inflicted 602 | 20 396 74 . 112 Guns 560 | 20 396 74 . 70 Cannons 42 | . . . . 42 Explosions . | . . . . . Melee . | . . . . . Ramming . | . . . . . Kinetic 182 | 20 162 . . . Thermal 378 | . 234 74 . 70 Explosive . | . . . . . Electromagnetic 42 | . . . . 42 Impact . | . . . . . Slashing . | . . . . . Piercing . | . . . . . Highest Corruption 2 | . 1 1 2 1 Average Corruption 1 | . 1 1 1 1 Corruption Purged . | . . . . . Corruption Blocked . | . . . . . Effects 8 | . 4 2 2 . Message Errors 2 | . 1 . 1 . Matter Fused 2 | . 1 . 1 . Heat Flow Errors 1 | . 1 . . . Energy Discharges 2 | . 1 1 . . Data Loss (minor) 1 | . . 1 . . Overload Shots . | . . . . . Overflow Damage . | . . . . . Projectiles . | . . . . . Explosions . | . . . . . Melee . | . . . . . Knockbacks . | . . . . . Impact . | . . . . . Kinetic . | . . . . . Secondary . | . . . . . Self-Inflicted Damage . | . . . . . Shots . | . . . . . Rammed 1 | . 1 . . . Targets Rammed 1 | . 1 . . . Kicked . | . . . . . Crushed . | . . . . . Highest Temperature 184 | . 184 . . 103 Average Temperature 53 | . 60 . . 46 Received Heat Transfer 378 | . 171 102 6 99 Siege Activations . | . . . . . Robots Corrupted . | . . . . . Combat Hostiles . | . . . . . Parts Fried . | . . . . . Impact Corruptions . | . . . . . Robots Melted . | . . . . . Combat Hostiles . | . . . . . Parts Melted 4 | . 3 1 . . Heat Transferred 1295 | . 814 222 . 259 Parts Sabotaged . | . . . . . Parts Stolen . | . . . . . Parts Stripped . | . . . . . Power Chain Reactions . | . . . . . Alert | -11 -10 -10 -7 -5 ------- Run | Yrd Mat Sub Rec Fac Peak Influence 409 | 5 189 . 112 409 Initial 194 | . 3 . 112 194 Average 126 | 1 67 . 104 297 Maximum Alert Level 2 | . . . . 2 Low Security (%) 81 | 100 100 . 100 22 Level 1 18 | . . . . 76 Level 2 . | . . . . 1 Level 3 . | . . . . . Level 4 . | . . . . . Level 5 . | . . . . . High Security . | . . . . . Max Security . | . . . . . Squads Dispatched 4 | . 2 . . 2 Investigation 1 | . 1 . . . Extermination 1 | . . . . 1 Reinforcement 1 | . 1 . . . Assault . | . . . . . Garrison 1 | . . . . 1 Intercept . | . . . . . Searches Triggered . | . . . . . Construction Impeded . | . . . . . Haulers Reinforced . | . . . . . Active Scanning Responses . | . . . . . Cargo Convoy Interrupts . | . . . . . Stealth | -11 -10 -10 -7 -5 --------- Run | Yrd Mat Sub Rec Fac Distress Signals 3 | . 2 . . 1 Communications Jammed . | . . . . . Distress Signals . | . . . . . Times Spotted 59 | . 18 22 4 15 Peak Tracking Total 8 | . 8 4 3 8 Tactical Retreats 8 | . 3 2 . 3 Traps | -11 -10 -10 -7 -5 ------- Run | Yrd Mat Sub Rec Fac Traps Triggered 2 | . 1 . . 1 Indirectly . | . . . . . Trap Hack Attempts . | . . . . . Triggered . | . . . . . Disarmed . | . . . . . Reprogrammed . | . . . . . Reused . | . . . . . Traps Extracted . | . . . . . Installed . | . . . . . Triggered . | . . . . . Machines | -11 -10 -10 -7 -5 ---------- Run | Yrd Mat Sub Rec Fac Machines Disabled 1 | . 1 . . . Max in Single Turn 1 | . 1 . . . Machines Repaired . | . . . . . Machines Dismantled . | . . . . . Machines Sabotaged . | . . . . . Overloaded Fab Kills . | . . . . . Hacking | -11 -10 -10 -7 -5 --------- Run | Yrd Mat Sub Rec Fac Machines Accessed 14 | . 6 2 4 2 Terminals 11 | . 6 . 3 2 Fabricators . | . . . . . Repair Stations . | . . . . . Recycling Units 1 | . . . 1 . Scanalyzers . | . . . . . Garrison Access . | . . . . . Total Hacks 50 | . 17 10 19 4 Successful 30 | . 8 10 10 2 Failed 20 | . 9 . 9 2 Catastrophic 2 | . . . 2 . Database Lockouts . | . . . . . Manual . | . . . . . Terminals 35 | . 17 . 14 4 Fabricators . | . . . . . Repair Stations . | . . . . . Recycling Units 5 | . . . 5 . Scanalyzers . | . . . . . Garrison Access . | . . . . . Terminal Hacks 28 | . 8 10 8 2 Record 16 | . . 9 6 1 Part Schematic 1 | . . . 1 . Prototype ID Bank 2 | . 2 . . . Open DSF 1 | . . . . 1 Branch Access Points 1 | . . . 1 . Emergency Access Points 1 | . 1 . . . Alert Level 1 | . 1 . . . Locate Traps 1 | . 1 . . . Dispatch Records 1 | . 1 . . . Registered Components 1 | . 1 . . . Zone Layout 1 | . 1 . . . Derelict Proto ID Bank 1 | . . 1 . . Fabricator Hacks . | . . . . . Repair Station Hacks . | . . . . . Recycling Unit Hacks 2 | . . . 2 . Recycle Component 1 | . . . 1 . Process 1 | . . . 1 . Scanalyzer . | . . . . . Garrison Access Hacks . | . . . . . Unauthorized Hacks . | . . . . . Terminals . | . . . . . Fabricators . | . . . . . Repair Stations . | . . . . . Recycling Units . | . . . . . Scanalyzers . | . . . . . Garrison Access . | . . . . . Data Cores Recovered . | . . . . . Used . | . . . . . Hacking Detections 9 | . 4 . 3 2 Full Trace Events 5 | . 2 . 3 . Feedback Events . | . . . . . Feedback Blocked . | . . . . . Robot Schematics Acquired . | . . . . . Robots Built . | . . . . . Authchips . | . . . . . Time . | . . . . . Total Robot Build Rating . | . . . . . Part Schematics Acquired 1 | . . . 1 . Parts Built . | . . . . . Authchips . | . . . . . Time . | . . . . . Total Part Build Rating . | . . . . . Parts Repaired . | . . . . . Time . | . . . . . Parts Recycled 1 | . . . 1 . Recycled Matter 23 | . . . 23 . Retrieved Matter . | . . . . . Retrieved Components . | . . . . . Parts Scanalyzed . | . . . . . Part Schematics Acquired . | . . . . . Parts Damaged . | . . . . . Bothacking | -11 -10 -10 -7 -5 ------------ Run | Yrd Mat Sub Rec Fac Used RIF Installer . | . . . . . Robots Hacked . | . . . . . Non-combat . | . . . . . Combat . | . . . . . Robot Hacks Applied . | . . . . . Relay Couplers Released . | . . . . . Fabnet Peak Effective % . | . . . . . Robots Rewired . | . . . . . Allies Hacked . | . . . . . Hacks Repelled . | . . . . . Allies | -11 -10 -10 -7 -5 -------- Run | Yrd Mat Sub Rec Fac Total Allies . | . . . . . Largest Group . | . . . . . Highest-Rated Group . | . . . . . Highest-Rated Ally . | . . . . . Total Orders . | . . . . . Ally Attacks . | . . . . . Total Damage . | . . . . . Kills . | . . . . . Allies Corrupted . | . . . . . Allies Melted . | . . . . . Intel | -11 -10 -10 -7 -5 ------- Run | Yrd Mat Sub Rec Fac Robot Analysis Total . | . . . . . Derelict Logs Recovered 1 | . . 1 . . Drone Launches . | . . . . . Drone Recoveries . | . . . . . Exploration | -11 -10 -10 -7 -5 ------------- Run | Yrd Mat Sub Rec Fac Turns Passed 1788 | 52 836 266 270 364 Spaces Moved 2073 | 37 770 373 339 554 Core 8 | 8 . . . . Treads . | . . . . . Legs . | . . . . . Wheels 518 | 29 489 . . . Hover 778 | . 279 373 126 . Flight 769 | . 2 . 213 554 Fastest Speed 34 | 50 56 56 40 34 Average Speed 64 | 84 80 56 71 40 Slowest Speed 200 | 100 200 120 120 200 Overloaded Moves . | . . . . . Propulsion Burnouts . | . . . . . Robots Hopped 2 | . . . . 2 Cave-ins Triggered . | . . . . . Exploration Rate (%) 37 | 3 91 20 62 11 Regions Visited 4 Branch Regions 2 Pre-discovered Areas . | . . . . . Known Exits Taken . | . . . . . Unknown Exits Taken 4 | 1 1 1 1 . Scrap Searched 3 | . . 3 . . Spaces Dug 3 | . 3 . . . Terrain Destroyed 3 | . 3 . . . Melee . | . . . . . Projectile 3 | . 3 . . . AOE . | . . . . . Terrain Rammed . | . . . . . Walls Destroyed . | . . . . . Machines Disabled . | . . . . . Actions | -11 -10 -10 -7 -5 --------- Run | Yrd Mat Sub Rec Fac Total 2429 | 55 928 405 368 673 Wait 209 | 6 91 22 23 67 Move 2065 | 36 769 372 338 550 Hop 2 | . . . . 2 Pick Up 32 | 7 12 . 3 10 Fast Attach 8 | . 3 . . 5 Attach 24 | 4 9 1 2 8 Detach 3 | . 1 . 1 1 Swap 7 | 1 5 1 . . Drop 10 | . 7 . 1 2 Fire 50 | 1 30 9 . 10 Melee . | . . . . . Ram 1 | . 1 . . . Kick . | . . . . . Crush . | . . . . . Escape Stasis 18 | . . . . 18 Rewire . | . . . . . Trap . | . . . . . Miscellaneous . | . . . . . Route ------- -11/Scrapyard -10/Materials (discovered 4 exits: [*Mat x2] / [*Min] / *Sub) -10/Subcaves -7/Recycling -5/Factory History --------- Turn | Location | Event 11 | -11/Scrapyard | Discovered new exit (range 16) 53 | -11/Scrapyard | Entered Materials 299 | -10/Materials | Discovered new exit (range 12) 310 | -10/Materials | Build established: Mutant 619 | -10/Materials | Discovered new exit (range 15) 772 | -10/Materials | Discovered new exit (range 4) 884 | -10/Materials | Discovered new exit (range 7) 889 | -10/Materials | Entered Subcaves 946 | -10/Subcaves | Learned Materials terminal intel 978 | -10/Subcaves | Visited 4L-MR0's lab 1062 | -10/Subcaves | Ambushed by Subdwellers from Twisted Machinery 1072 | -10/Subcaves | Visited Clippyterm 1125 | -10/Subcaves | Core integrity fell below 50% 1147 | -10/Subcaves | Discovered new exit (range 10) 1155 | -10/Subcaves | Entered Recycling 1163 | -7/Recycling | Found Scrap Engine 1182 | -7/Recycling | Lost 3 parts (1p1n1u) 1373 | -7/Recycling | Lost 3 parts (1p1n1w) 1397 | -7/Recycling | Core integrity fell below 20% 1412 | -7/Recycling | Discovered new exit (range 16) 1425 | -7/Recycling | Entered Factory 1425 | -5/Factory | Evolved 10 slots: Power x1, Propulsion x3, Utility x4, Weapon x2 1502 | -5/Factory | Spotted B-75 Beast 1780 | -5/Factory | Garrison activated, responded to threat 1789 | -5/Factory | Self-destructed Last Messages --------------- Compressor. 01759_ W-25 Informer sends out distress signal. 01763_ Flight Unit destroyed. 01768_ Acquired Reaction Control System. 01775_ System Shield destroyed. 01775_ Nuclear Pulse Array destroyed. 01776_ P-70 Sage resets P-70 Sage, system corruption cleaned. 01780_ P-70 Sage calls for garrison reinforcements. 01780_ ALERT: Activating Garrison Access F004. 01782_ P-70 Sage resets P-70 Sage, system corruption cleaned. 01783_ P-70 Sage suffers critical hit (Burn). 01784_ Reaction Control System destroyed. 01785_ Neutrino Core destroyed. 01786_ Terminal disabled. 01787_ P-70 Sage resets P-70 Sage, system corruption cleaned. 01789_ Med. Laser destroyed. Map ----- +----------------------------------------------------+ | ? / ###/#######???# | | ???# # + #???# | | ???# # """" #???# | | ???+ # """" #???# | | ???# # #! """" #???# #### | | ?????? ?# # """" #???# ######+##??? | | ????????# # """" #???# #??? ???? | | ????????## # """" #???# #??"""" ???? | | ?????????# # #???# #? """" "??? | | ?????????### ## #######+###???# #????"" ??? | | ???????????######## #?????# #?????# #?????? "??? | | ??????????????????# #?????# #?????# #??????? ??? | | ??????????????????# #?????# ####??# #??????????? | | ?????????????????## #?????# #??# #??????????? | | ????????????????# ????# #??# #???##?????? | | ?????????????? [ ##### ##?# #?# #?????? | | ?????????????? ### ### ####### | | ?????????????? | | ?????????????? % | | ??????????????? ###;### """ | | ???????????????## ?# #BB """ | | ????????????????######??# "" /BB """ | | ????????????????????????#""" ; " "" """ | | ????????????????????????#"T ; "R"" | | ????????????????????????#" ;# """ ##### | | ????????????????????????#@"" ## != #???? | | ????????????????????????# p ## =! #???? | | ????????????????????????# g ## #" "#######+####? | | ????????????????????????#pg ## #"G"#?# #? | | ????????????????????????# g ## # " #?# """ #? | | ????????????????????????# m ## #?###?# """ #? | | ????????????????????????######## #?????# """ #? | | ???????????????????????????????# #?????# #? | | ???????????????????????????????# #?????# "S #? | | ???????????????????????????????# #?????# """ #? | | ???????????????????????????????# #?????# "" ## | | ???????????????????????????????# #?????# # | | ???????????????????????????????# #?????######+### | | ???????????????????????????????# #???????# | | ???????????????????????????????# #???????# | | ???????????????????????????????#+######### | | ???????????????????????????????# # | | ???????????????????????????????# # | | ???????????????????????????????# """ """ # ### | | ???????????????????????????????# """ """ # #?? | | ???????????????????????????????# """ """ # #?? | | ???????????????????????????????# + #?? | | ???????????????????????????????# # #?? | | ???????????????????????????????# # #?? | | ???????????????????????????????########### #?? | +----------------------------------------------------+ Best States ------------- Heat Dissipation 49 Energy Generation 19 Energy Capacity 315 Matter Stores 300 Matter Capacity 300 Sight Range 16 Terrain Scan Density 10 Evasion (%) 71 Targeting Accuracy 16 Defensive Hacking 10 Item Schematics ----------------- Imp. Melee Analysis Suite | -7/Recycling | Hacked Robot Schematics ------------------ None Fabricated ------------ Nothing Alien Tech Used ----------------- None Achievements -------------- Librarian Challenges ------------ None Game ------ Seed BattleMeleePick Manual? 0 Play Time 00:50:38 Cumulative 8.1 hours Start 2024.04.08 @ 17:20:50 End 2024.04.08 @ 18:12:04 Sessions 1 Manual Loads 0 Difficulty Rogue Special Mode None Game No. 7 Rogue 7 Adventurer 0 Explorer 0 Win Type - Total 0 Types 0/0/0/0/0/0/0/0/0 Lore% 8 Gallery% 14 Achievement% 11 Wizard Run 0 Options --------- Layout 1 ASCII 0 Keyboard 0 Movement Mouse Keybinds 0 Fullscreen 1 Font 24/Smallcaps Map View 50x35 Zoom Use 5% Tactical HUD 1 Map Filters NONE Filters NONE Steam 1 RUN: 367ba687-e96f-4c17-a525-edb7d0b5816e